TOP OF THE 1ST |
Round Rock Express batting - Pitching for Columbus Clippers : RHP Matt Zambon
|
Pitching: RHP Matt Zambon
|
|
Batting: RHB Luis Romero
|
0-0: Called Strike 0-1: Ball 1-1: Ball 2-1: Foul Ball, location: 2F 2-2: Foul Ball, location: 2F 2-2: Fly out, F7 (Flyball, 78D, EV 95.6 MPH)
|
Batting: RHB Jonathan Rangel
|
0-0: Called Strike 0-1: Ball 1-1: Ball 2-1: DOUBLE (Line Drive, 3D, EV 95.0 MPH)
|
Batting: RHB Doug Hammertime
|
0-0: Called Strike 0-1: Ball Jonathan Rangel steals 3rd base 1-1: Foul Ball, location: 2F 1-2: Ball 2-2: Foul Ball, location: 2F 2-2: Foul Ball, location: 2F 2-2: Ball 3-2: Strikes out looking
|
Batting: RHB Ernie Weathersbee
|
0-0: Fly out, F3 (Line Drive, 3, EV 73.8 MPH)
|
Top of the 1st over - 0 runs, 1 hit, 0 errors, 1 left on base; Round Rock 0 - Columbus 0 |
BOTTOM OF THE 1ST |
Columbus Clippers batting - Pitching for Round Rock Express : RHP Gavin Nelson
|
Pitching: RHP Gavin Nelson
|
|
Batting: SHB Scott Scott
|
0-0: Ball 1-0: Ground out 6-3 (Groundball, 6, EV 91.2 MPH)
|
Batting: RHB Mike Quackenbush
|
0-0: Ball 1-0: Ball 2-0: Ball 3-0: Base on Balls
|
Batting: LHB Zack Berney
|
0-0: Ball Mike Quackenbush is caught stealing 2nd base 2-6 1-0: Ball 2-0: Ground out 4-3 (Groundball, 34D, EV 78.1 MPH)
|
Bottom of the 1st over - 0 runs, 0 hits, 0 errors, 0 left on base; Round Rock 0 - Columbus 0 |
TOP OF THE 2ND |
Round Rock Express batting - Pitching for Columbus Clippers : RHP Matt Zambon
|
Batting: RHB Noah Stanley
|
0-0: Ball 1-0: Ground out 4-3 (Groundball, 4, EV 106.9 MPH)
|
Batting: RHB Ryan Kinkead
|
0-0: Called Strike 0-1: Foul Ball, location: 2F 0-2: Foul Ball, location: 2F 0-2: Ball 1-2: Ball 2-2: Foul Ball, location: 2F 2-2: Ball 3-2: Base on Balls
|
Batting: RHB Ivan Colon
|
0-0: Grounds into double play, 5-4-3 (Groundball, 56, EV 106.9 MPH)
|
Top of the 2nd over - 0 runs, 0 hits, 0 errors, 0 left on base; Round Rock 0 - Columbus 0 |
BOTTOM OF THE 2ND |
Columbus Clippers batting - Pitching for Round Rock Express : RHP Gavin Nelson
|
Batting: LHB Zion Davidson
|
0-0: Called Strike 0-1: Foul Ball, location: 2F 0-2: Strikes out swinging
|
Batting: RHB Eddie LaRose
|
0-0: Called Strike 0-1: Called Strike 0-2: Ball 1-2: Strikes out swinging
|
Batting: LHB Tyler Babbitt
|
0-0: Ball 1-0: Ground out 4-3 (Groundball, 4, EV 102.5 MPH)
|
Bottom of the 2nd over - 0 runs, 0 hits, 0 errors, 0 left on base; Round Rock 0 - Columbus 0 |
TOP OF THE 3RD |
Round Rock Express batting - Pitching for Columbus Clippers : RHP Matt Zambon
|
Batting: SHB Javy Rosa
|
0-0: Ball 1-0: Foul Ball, location: 2F 1-1: Called Strike 1-2: Ground out 6-3 (Groundball, 6, EV 106.9 MPH)
|
Batting: RHB John Peterson
|
0-0: Ball 1-0: Swinging Strike 1-1: Called Strike 1-2: Foul Ball, location: 2F 1-2: Strikes out swinging
|
Batting: RHB Luis Romero
|
0-0: Called Strike 0-1: Called Strike 0-2: Ball 1-2: Ball 2-2: Ball 3-2: Ground out 4-3 (Groundball, 4, EV 83.1 MPH)
|
Top of the 3rd over - 0 runs, 0 hits, 0 errors, 0 left on base; Round Rock 0 - Columbus 0 |
BOTTOM OF THE 3RD |
Columbus Clippers batting - Pitching for Round Rock Express : RHP Gavin Nelson
|
Batting: RHB Kyle Scruggs
|
0-0: Ball 1-0: Ball 2-0: Foul Ball, location: 2F 2-1: Called Strike 2-2: Strikes out swinging
|
Batting: RHB George Wagner
|
0-0: Ball 1-0: Called Strike 1-1: Swinging Strike 1-2: Strikes out swinging
|
Batting: RHB Justin Ganey
|
0-0: Swinging Strike 0-1: Swinging Strike 0-2: Strikes out swinging
|
Bottom of the 3rd over - 0 runs, 0 hits, 0 errors, 0 left on base; Round Rock 0 - Columbus 0 |
TOP OF THE 4TH |
Round Rock Express batting - Pitching for Columbus Clippers : RHP Matt Zambon
|
Batting: RHB Jonathan Rangel
|
0-0: Ball 1-0: Ground out 5-3 (Groundball, 56S, EV 84.4 MPH)
|
Batting: RHB Doug Hammertime
|
0-0: Ball 1-0: Ball 2-0: Called Strike 2-1: SINGLE (Groundball, 6MD, EV 110.0 MPH)
|
Batting: RHB Ernie Weathersbee
|
0-0: Called Strike 0-1: Called Strike Doug Hammertime steals 2nd base 0-2: Ball 1-2: Foul Ball, location: 2F 1-2: Ball 2-2: Strikes out swinging
|
Batting: RHB Noah Stanley
|
0-0: Foul Ball, location: 2F 0-1: Foul Ball, location: 2F 0-2: Ball 1-2: Fly out, F9 (Flyball, 89D, EV 107.5 MPH)
|
Top of the 4th over - 0 runs, 1 hit, 0 errors, 1 left on base; Round Rock 0 - Columbus 0 |
BOTTOM OF THE 4TH |
Columbus Clippers batting - Pitching for Round Rock Express : RHP Gavin Nelson
|
Batting: SHB Scott Scott
|
0-0: Ball 1-0: Ball 2-0: Foul Ball, location: 2F 2-1: Foul Ball, location: 2F 2-2: Foul Ball, location: 2F 2-2: Ball 3-2: Foul Ball, location: 2F 3-2: Base on Balls
|
Batting: RHB Mike Quackenbush
|
0-0: Ball 1-0: Ball 2-0: Swinging Strike 2-1: Foul Ball, location: 2F 2-2: Strikes out looking
|
Batting: LHB Zack Berney
|
0-0: Foul Ball, location: 2F 0-1: Ball 1-1: Called Strike 1-2: Strikes out swinging
|
Batting: LHB Zion Davidson
|
0-0: SINGLE (Groundball, 4D, EV 105.6 MPH) Scott Scott to second Runner from 2nd tries for 3rd, SAFE, throw by RF made to third
|
Batting: RHB Eddie LaRose
|
0-0: Called Strike 0-1: Ball 1-1: Fielders Choice at 2nd, 6-4 (Groundball, 6, EV 84.4 MPH)
|
Bottom of the 4th over - 0 runs, 1 hit, 0 errors, 2 left on base; Round Rock 0 - Columbus 0 |
TOP OF THE 5TH |
Round Rock Express batting - Pitching for Columbus Clippers : RHP Matt Zambon
|
Batting: RHB Ryan Kinkead
|
0-0: Foul Ball, location: 2F 0-1: Called Strike 0-2: Ball 1-2: Strikes out swinging
|
Batting: RHB Ivan Colon
|
0-0: Called Strike 0-1: Called Strike 0-2: Ball 1-2: Ground out 5-3 (Groundball, 56, EV 83.8 MPH)
|
Batting: SHB Javy Rosa
|
0-0: Called Strike 0-1: Foul Ball, location: 2F 0-2: Ball 1-2: Foul Ball, location: 2F 1-2: Ball 2-2: Fly out, F4 (Line Drive, 4, EV 62.5 MPH)
|
Top of the 5th over - 0 runs, 0 hits, 0 errors, 0 left on base; Round Rock 0 - Columbus 0 |
BOTTOM OF THE 5TH |
Columbus Clippers batting - Pitching for Round Rock Express : RHP Gavin Nelson
|
Batting: LHB Tyler Babbitt
|
0-0: Ball 1-0: Called Strike 1-1: Ground out 6-3 (Groundball, 6MS, EV 80.0 MPH)
|
Batting: RHB Kyle Scruggs
|
0-0: Called Strike 0-1: Ball 1-1: SOLO HOME RUN (Line Drive, 8RXD, EV 105.0 MPH), Distance : 425 ft
|
Batting: RHB George Wagner
|
0-0: Swinging Strike 0-1: Foul Ball, location: 2F 0-2: Foul Ball, location: 2F 0-2: Ball 1-2: Ball 2-2: Strikes out swinging
|
Batting: RHB Justin Ganey
|
0-0: Ball 1-0: Ball 2-0: Swinging Strike 2-1: Ball 3-1: Base on Balls
|
Batting: SHB Scott Scott
|
0-0: Called Strike 0-1: Fly out, F8 (Flyball, 8RD, EV 95.0 MPH)
|
Bottom of the 5th over - 1 run, 1 hit, 0 errors, 1 left on base; Round Rock 0 - Columbus 1 |
TOP OF THE 6TH |
Round Rock Express batting - Pitching for Columbus Clippers : RHP Matt Zambon
|
Batting: RHB John Peterson
|
0-0: Ball 1-0: Foul Ball, location: 2F 1-1: Foul Ball, location: 2F 1-2: Fly out, F5 (Popup, 5F, EV 80.0 MPH)
|
Batting: RHB Luis Romero
|
0-0: Ball 1-0: Ground out 6-3 (Groundball, 56, EV 96.2 MPH)
|
Batting: RHB Jonathan Rangel
|
0-0: Ball 1-0: Ball 2-0: Called Strike 2-1: Ball 3-1: Called Strike 3-2: SINGLE (Groundball, 34D, EV 103.1 MPH)
|
Batting: RHB Doug Hammertime
|
0-0: Ball 1-0: Ball 2-0: Ball 3-0: Called Strike 3-1: Called Strike 3-2: 2-RUN HOME RUN (Flyball, 8LXD, EV 110.0 MPH), Distance : 421 ft
|
Batting: RHB Ernie Weathersbee
|
0-0: Ball 1-0: Called Strike 1-1: Ground out 5-3 (Groundball, 56, EV 88.1 MPH)
|
Top of the 6th over - 2 runs, 2 hits, 0 errors, 0 left on base; Round Rock 2 - Columbus 1 |
BOTTOM OF THE 6TH |
Columbus Clippers batting - Pitching for Round Rock Express : RHP Gavin Nelson
|
Batting: RHB Mike Quackenbush
|
0-0: Called Strike 0-1: Foul Ball, location: 2F 0-2: Ball 1-2: Ball 2-2: Foul Ball, location: 2F 2-2: Ball 3-2: Fly out, F8 (Flyball, 8RXD, EV 107.5 MPH)
|
Batting: LHB Zack Berney
|
0-0: Swinging Strike 0-1: Ball 1-1: Ball 2-1: Ball 3-1: Called Strike 3-2: Foul Ball, location: 2F 3-2: Base on Balls
|
Batting: LHB Zion Davidson
|
0-0: Ball Zack Berney steals 2nd, throwing error, E2 Zack Berney to third 1-0: Ball 2-0: Ball 3-0: Called Strike 3-1: Fly out, F8 (Flyball, 8RXD, EV 86.9 MPH) Runner from 3rd tags up, SCORES, no throw by CF
|
Batting: RHB Eddie LaRose
|
0-0: Called Strike 0-1: Ball 1-1: Ground out 4-3 (Groundball, 4S, EV 79.4 MPH)
|
Bottom of the 6th over - 1 run, 0 hits, 1 error, 0 left on base; Round Rock 2 - Columbus 2 |
TOP OF THE 7TH |
Round Rock Express batting - Pitching for Columbus Clippers : RHP Matt Zambon
|
Batting: RHB Noah Stanley
|
0-0: Called Strike 0-1: Fly out, F8 (Flyball, 8RXD, EV 78.8 MPH)
|
Batting: RHB Ryan Kinkead
|
0-0: Fly out, F9 (Flyball, 9, EV 85.6 MPH)
|
Batting: RHB Ivan Colon
|
0-0: Ground out 5-3 (Groundball, 56, EV 103.8 MPH)
|
Top of the 7th over - 0 runs, 0 hits, 0 errors, 0 left on base; Round Rock 2 - Columbus 2 |
BOTTOM OF THE 7TH |
Columbus Clippers batting - Pitching for Round Rock Express : RHP Gavin Nelson
|
Batting: LHB Tyler Babbitt
|
0-0: Ball 1-0: Called Strike 1-1: Swinging Strike 1-2: Ground out 5-3 (Groundball, 5, EV 85.6 MPH)
|
Batting: RHB Kyle Scruggs
|
0-0: Swinging Strike 0-1: Ball 1-1: Foul Ball, location: 2F 1-2: Ball 2-2: Strikes out swinging
|
Batting: RHB George Wagner
|
0-0: Called Strike 0-1: Ball 1-1: Ball 2-1: Foul Ball, location: 2F 2-2: Ball 3-2: Ground out 3-1 (Groundball, 34S, EV 85.0 MPH)
|
Bottom of the 7th over - 0 runs, 0 hits, 0 errors, 0 left on base; Round Rock 2 - Columbus 2 |
TOP OF THE 8TH |
Round Rock Express batting - Pitching for Columbus Clippers : RHP Matt Zambon
|
Batting: SHB Javy Rosa
|
0-0: Called Strike 0-1: Ground out 4-3 (Groundball, 4, EV 104.4 MPH)
|
Pitching: RHP Nate Souza
|
|
Batting: RHB John Peterson
|
0-0: Ball 1-0: Ground out 4-3 (Groundball, 34, EV 87.5 MPH)
|
Batting: RHB Luis Romero
|
0-0: Called Strike 0-1: Ball 1-1: Ball 2-1: Called Strike 2-2: Foul Ball, location: 2F 2-2: Foul Ball, location: 2F 2-2: Strikes out looking
|
Top of the 8th over - 0 runs, 0 hits, 0 errors, 0 left on base; Round Rock 2 - Columbus 2 |
BOTTOM OF THE 8TH |
Columbus Clippers batting - Pitching for Round Rock Express : RHP Gavin Nelson
|
Pitching: LHP John McRight
|
|
Batting: RHB Justin Ganey
|
0-0: Ball 1-0: Called Strike 1-1: Swinging Strike 1-2: Strikes out swinging
|
Batting: SHB Scott Scott
|
0-0: Foul Ball, location: 2F 0-1: Ball 1-1: Reached on error, E5 (Groundball, 5L, EV 85.0 MPH)
|
Batting: RHB Mike Quackenbush
|
0-0: Called Strike 0-1: Called Strike 0-2: Ball 1-2: Foul Ball, location: 2F 1-2: Strikes out swinging
|
Batting: RHB Jason Sher
|
0-0: Ball 1-0: Ball 2-0: Called Strike 2-1: Ball 3-1: Called Strike 3-2: SINGLE (Flyball, 8LS, EV 88.1 MPH) Scott Scott to second Scott Scott to third
|
Pinch Hitting: RHB Chad Thompson
|
0-0: Called Strike 0-1: Swinging Strike 0-2: Strikes out looking
|
Bottom of the 8th over - 0 runs, 1 hit, 1 error, 2 left on base; Round Rock 2 - Columbus 2 |
TOP OF THE 9TH |
Round Rock Express batting - Pitching for Columbus Clippers : RHP Nate Souza
|
Pitching: RHP Dennis Beals
|
|
Now in LF: Chad Thompson
|
|
Pinch Hitting: LHB Cooper Broomhall
|
0-0: Ball 1-0: Foul Ball, location: 2F 1-1: Called Strike 1-2: Ball 2-2: Fly out, F8 (Flyball, 8RM, EV 85.0 MPH)
|
Batting: RHB Doug Hammertime
|
0-0: Foul Ball, location: 2F 0-1: Ball 1-1: Swinging Strike 1-2: Strikes out looking
|
Batting: RHB Ernie Weathersbee
|
0-0: Ball 1-0: Ball 2-0: Foul Ball, location: 2F 2-1: Foul Ball, location: 2F 2-2: Ball 3-2: Foul Ball, location: 2F 3-2: Foul Ball, location: 2F 3-2: Foul Ball, location: 2F 3-2: Foul Ball, location: 2F 3-2: Hit by Pitch
|
Batting: RHB Noah Stanley
|
0-0: Ball 1-0: Swinging Strike 1-1: Ball 2-1: Swinging Strike 2-2: Strikes out looking
|
Top of the 9th over - 0 runs, 0 hits, 0 errors, 1 left on base; Round Rock 2 - Columbus 2 |
BOTTOM OF THE 9TH |
Columbus Clippers batting - Pitching for Round Rock Express : LHP John McRight
|
Pitching: RHP Danny Romero
|
|
Now in CF: AdryĆ£o Anto
|
|
Pinch Hitting: LHB Jesus Lozano
|
0-0: Ball 1-0: Swinging Strike 1-1: Ground out 5-3 (Groundball, 56, EV 111.9 MPH)
|
Batting: LHB Tyler Babbitt
|
0-0: Ball 1-0: DOUBLE (Line Drive, 7LD, EV 105.6 MPH)
|
Batting: RHB Kyle Scruggs
|
0-0: Intentional Walk
|
Batting: RHB George Wagner
|
0-0: Ball 1-0: Ball 2-0: Fielders Choice at 2nd, 4-6 (Groundball, 4S, EV 91.9 MPH) Tyler Babbitt to third
|
Batting: RHB Justin Ganey
|
0-0: Ball 1-0: Ball 2-0: Foul Ball, location: 2F 2-1: Ball 3-1: SINGLE (Line Drive, 78S, EV 100.0 MPH) Tyler Babbitt scores
|
Bottom of the 9th over - 1 run, 2 hits, 0 errors, 1 left on base; Round Rock 2 - Columbus 3 |
|